 Dungeon Crawl Stone Soup version 0.19-a0-790-ge39e1af (webtiles) character file.

14 AlphabetPasta the Ducker (level 2, -2/13 HPs)
             Began as a Spriggan Fire Elementalist on June 26, 2016.
             Slain by a gnoll
             ... wielding a +0 spear
              (5 damage)
             ... on level 2 of the Dungeon.
             The game lasted 00:03:51 (942 turns).

AlphabetPasta the Ducker (SpFE)                      Turns: 942, Time: 00:03:52

Health: -2/13      AC:  2    Str:  4    XL:     2   Next: 31%
Magic:  2/6        EV: 18    Int: 16    God:
Gold:   42         SH:  0    Dex: 16    Spells: 2 memorised, 3 levels left

rFire  . . .     SeeInvis +     g - +0 short sword
rCold  . . .     Gourm    .     a - +0 robe
rNeg   . . .     Faith    .     (shield restricted)
rPois  .         Spirit   .     (helmet restricted)
rElec  .         Dismiss  .     (no cloak)
rCorr  .         Reflect  .     (gloves unavailable)
SustAt .         Harm     .     (boots unavailable)
MR     .....                    (no amulet)
Stlth  +++.......               (no ring)
                                (no ring)

@: very quick, not resistant to hostile enchantments, fairly stealthy
A: unfitting armour, see invisible, herbivore 3, speed 3, slow metabolism 2
a: no special abilities


You were on level 2 of the Dungeon.
You were not hungry.

You visited 1 branch of the dungeon, and saw 2 of its levels.

You collected 42 gold pieces.

Inventory:

Hand Weapons
 g - a +0 short sword (weapon)
Armour
 a - a +0 robe (worn)
Jewellery
 e - an uncursed ring of wizardry {unknown}
 f - a +4 ring of strength {unknown}
Scrolls
 i - 2 scrolls of noise {unknown}
 j - a scroll of random uselessness {unknown}
Potions
 d - 3 potions of curing {unknown}
 h - a potion of ambrosia {unknown}
 k - a potion of flight {unknown}
Books
 b - a book of Flames

   Spells                             Type                      Level
   a - Flame Tongue                   Conjuration/Fire             1
   b - Throw Flame                    Conjuration/Fire             2
   c - Conjure Flame                  Conjuration/Fire             3
   d - Inner Flame                    Hexes/Fire                   3
   e - Sticky Flame                   Conjuration/Fire             4
   f - Fireball                       Conjuration/Fire             5
Comestibles
 c - 3 bread rations


   Skills:
 + Level 0.2 Short Blades
 - Level 3.3 Dodging
 - Level 3.0 Stealth
 + Level 2.9 Spellcasting
 + Level 0.8 Conjurations
 * Level 2.7 Fire Magic


You had 3 spell levels left.
You knew the following spells:

 Your Spells              Type           Power        Failure   Level  Hunger
a - Flame Tongue          Conj/Fire      #....        10%         1    #......
b - Throw Flame           Conj/Fire      #.....       14%         2    ##.....


Dungeon Overview and Level Annotations

Branches:
Dungeon (2/15)

Altars:


Innate Abilities, Weirdness & Mutations

You are tiny and cannot use many weapons and most armour.
You have supernaturally acute eyesight. (SInv)
You are a herbivore.
You cover ground extremely quickly.
You need consume almost no food.


Message History

The gnoll barely misses you.
Casting: Flame Tongue
Confirm with . or Enter, or press ? or * to list all spells.
Aiming: Flame Tongue
Press: ? - help, Shift-Dir - straight line, f/p - gnoll
Aim: a gnoll, wielding a whip (lightly wounded)
The flame tongue hits the gnoll.
The gnoll is moderately wounded.
The gnoll closely misses you. The gnoll hits you with a whip.
* * * LOW HITPOINT WARNING * * *
Casting: Flame Tongue
Confirm with . or Enter, or press ? or * to list all spells.
Aiming: Flame Tongue
Press: ? - help, Shift-Dir - straight line, f/p - gnoll
Aim: a gnoll, wielding a whip (moderately wounded)
The flame tongue hits the gnoll.
The gnoll is heavily wounded.
The gnoll shouts!
The gnoll hits you from afar with a spear.
You die...

# #....#.#.... #.
#....#.##...
#.#.#.#######....#....#.
............'....'......
.#.#.#.#####....######.
#.# #....# #. #.# #....#
#. #.# #....# #. #@#
#....######. #g#
#.........#. #g#
####......#.
.sg.g...........#.
.................#.
#....g............#.
..................#.
####+########......##
#......#


You could see 4 gnolls and a giant cockroach.

Vanquished Creatures
  A dart slug (D:1)
  A ball python (D:1)
  A goblin (D:1)
  2 hobgoblins (D:1)
  A bat (D:1)
  2 giant newts (D:1)
  3 kobolds
  2 rats (D:1)
13 creatures vanquished.

Notes
Turn   | Place    | Note
--------------------------------------------------------------
     0 | D:1      | AlphabetPasta the Spriggan Fire Elementalist began the quest for the Orb.
     0 | D:1      | Reached XP level 1. HP: 9/9 MP: 5/5
   281 | D:1      | Reached XP level 2. HP: 10/13 MP: 1/6
   358 | D:1      | Learned a level 2 spell: Throw Flame
   942 | D:2      | Slain by a gnoll

Vault maps used:
D:1:      dpeg_arrival_solitude, hex_large

Action                   || total
-------------------------++-------
Melee: Short sword       ||     6
 Cast: Flame Tongue      ||    23
Armor: Robe              ||     2
Dodge: Dodged            ||    11
